 Dungeon Crawl Stone Soup version 0.28-a0-834-g1a73be5ee4 (webtiles) character file.

Game seed: 769582717434067326

201260 Crownlay the Earth Mage (level 18, -15/116 HPs)
             Began as a Gargoyle Earth Elementalist on Nov 10, 2021.
             Was a High Priest of Vehumet.
             Blown up by a spellforged servitor (37 damage)
             ... with a wavering orb of destruction
             ... summoned by the player character
             ... on level 3 of the Spider Nest on Nov 11, 2021.
             The game lasted 02:02:40 (47632 turns).

Crownlay the Earth Mage (GrEE)                     Turns: 47632, Time: 02:02:41

Health: -15/116    AC: 26    Str: 14    XL:     18   Next: 54%
Magic:  21/46      EV: 13    Int: 32    God:    Vehumet [*****.]
Gold:   2276       SH:  5    Dex: 10    Spells: 19/48 levels left

rFire   . . .      SeeInvis +   Y - staff of earth
rCold   + + +      Faith    .   (no shield)
rNeg    + + .      Spirit   .   y - +0 steam dragon scales of Letiucw {+Blink Will+ Slay+5}
rPois   ∞          Reflect  +   B - +2 helmet
rElec   +          Harm     .   X - scarf {repulsion}
rCorr   +          Rampage  .   D - +3 pair of gauntlets of War {Slay+5}
Will    ++...                   J - +0 pair of boots of Gualoar {+Inv rCorr Str-3 Int+7}
Stlth   ++........              M - amulet of reflection
HPRegen 0.29/turn               b - ring "Zaylen" {Contam rElec rC+++ MP+9 Str+6}
MPRegen 0.30/turn               G - ring "Fasenwaa" {Wiz rPois rN+ SInv}

@: flying, repel missiles
A: sickness immunity, AC +13, big wings, negative energy resistance 1,
electricity resistance, torment resistance 1, petrification resistance
}: 1/15 runes: decaying
a: Renounce Religion, Evoke Blink, Evoke Invisibility


You were on level 3 of the Spider Nest.
You worshipped Vehumet.
Vehumet was extremely pleased with you.
You visited 6 branches of the dungeon, and saw 31 of its levels.
You also visited: Gauntlet and Ice Cave.

You collected 3426 gold pieces.
You spent 1150 gold pieces at shops.

Inventory:

Missiles
 I - 473 stones
Armour
 k - a +2 pair of gloves of strength
 s - a +2 cloak of poison resistance
 y - the +0 steam dragon scales of Letiucw (worn) {+Blink Will+ Slay+5}
   (You found it in a Gauntlet)

   Slay:      It affects your accuracy & damage with ranged weapons and melee
   (+5).
   +Blink:    It lets you blink.
   Will:      It increases your willpower.
 B - a +2 helmet (worn)
 D - the +3 pair of gauntlets of War (worn) {Slay+5}
   (You found it on level 3 of the Lair of Beasts)

   Slay:      It affects your accuracy & damage with ranged weapons and melee
   (+5).
 J - the +0 pair of boots of Gualoar (worn) {+Inv rCorr Str-3 Int+7}
   (You found it in a Gauntlet)

   Str:       It affects your strength (-3).
   Int:       It affects your intelligence (+7).
   +Inv:      It lets you turn invisible.
   rCorr:     It protects you from acid and corrosion.
 X - a scarf of repulsion (worn)
Magical Staves
 g - a staff of conjuration
 O - a staff of cold
 P - a staff of fire
 Y - a staff of earth (weapon)
Jewellery
 a - the ring of Asuyseke {+Blink MP+9 Int+6}
   (You found it on level 2 of the Lair of Beasts)

   [ring of intelligence]

   Int:       It affects your intelligence (+6).
   MP:        It affects your magic capacity (+9).
   +Blink:    It lets you blink.
 b - the ring "Zaylen" (left hand) {Contam rElec rC+++ MP+9 Str+6}
   (You found it in a Gauntlet)

   [ring of strength]

   Str:       It affects your strength (+6).
   rC:        It renders you almost immune to cold.
   rElec:     It insulates you from electricity.
   MP:        It affects your magic capacity (+9).
   Contam:    It causes magical contamination when unequipped.
 G - the ring "Fasenwaa" (right hand) {Wiz rPois rN+ SInv}
   (You acquired it on level 3 of the Swamp)

   [ring of wizardry]

   It improves your spell success rate.
   rPois:     It protects you from poison.
   rN:        It protects you from negative energy.
   SInv:      It lets you see invisible.
 H - the ring "Rodiem" {rF+ rN+ rCorr EV+4}
   (You took it off a minotaur in a Gauntlet)

   [ring of evasion]

   EV:        It affects your evasion (+4).
   rF:        It protects you from fire.
   rN:        It protects you from negative energy.
   rCorr:     It protects you from acid and corrosion.
 M - an amulet of reflection (around neck)
 U - the ring "Ofax Tefoo" {Fly rElec rF+ Str+3 Dex-5 Slay+5}
   (You found it in a Gauntlet)

   [ring of flight]

   Str:       It affects your strength (+3).
   Dex:       It affects your dexterity (-5).
   Slay:      It affects your accuracy & damage with ranged weapons and melee
   (+5).
   rF:        It protects you from fire.
   rElec:     It insulates you from electricity.
   Fly:       It grants you flight.
Wands
 f - a wand of polymorph (64)
 o - a wand of paralysis (19)
 t - a wand of acid (24)
 F - a wand of iceblast (10)
 L - a wand of mindburst (68)
 R - a wand of charming (5)
 S - a wand of digging (4)
 Z - a wand of flame (57)
Scrolls
 d - 13 scrolls of teleportation
 i - 9 scrolls of amnesia
 j - a scroll of holy word
 l - 5 scrolls of blinking
 m - a scroll of brand weapon {unknown}
 n - 2 scrolls of magic mapping
 r - 2 scrolls of silence {unknown}
 u - 2 scrolls of enchant armour
 w - 4 scrolls of fog
 z - 4 scrolls of fear
 E - 2 scrolls of summoning
 T - 5 scrolls of immolation
 V - a scroll of vulnerability {unknown}
Potions
 c - a potion of cancellation {unknown}
 e - 2 potions of berserk rage {unknown}
 h - 6 potions of heal wounds
 p - 7 potions of haste
 q - 5 potions of attraction
 v - 5 potions of brilliance
 x - 2 potions of resistance {unknown}
 A - 5 potions of curing
 C - 5 potions of invisibility
 K - a potion of magic {unknown}
 N - 4 potions of ambrosia
 Q - 2 potions of degeneration {unknown}
 W - a potion of mutation {unknown}


   Skills:
 - Level 14.0 Fighting
 + Level 5.9 Dodging
 - Level 2.1 Stealth
 * Level 15.7 Spellcasting
 + Level 14.5 Conjurations
 - Level 10.0 Summonings
 - Level 0.7 Transmutations
 + Level 18.4 Earth Magic
 - Level 10.0 Evocations


You had 19 spell levels left.
You knew the following spells:

 Your Spells              Type           Power      Damage    Failure   Level
a - Sandblast             Erth           100%       2d20      0%          1
b - Stone Arrow           Conj/Erth      100%       3d13      0%          3
c - Iron Shot             Conj/Erth      57%        9d11      1%          6
d - Lee's Rapid Deconstr  Erth           60%        3d29*     1%          5
e - Spellforged Servitor  Conj/Summ      40%        N/A       1%          7
f - Orb of Destruction    Conj           43%        9d14      1%          7

Your spell library contained the following spells:

 Spells                   Type           Power      Damage    Failure   Level
 Ozocubu's Refrigeration  Ice            12%        4d7       73%         7
 Animate Skeleton         Necr           50%        N/A       1%          1
 Apportation              Tloc           50%        N/A       1%          1
 Freeze                   Ice            100%       1d11      1%          1
 Pain                     Necr           100%       1d9       1%          1
 Slow                     Hex            100%       N/A       1%          1
 Blink                    Tloc           50%        N/A       1%          2
 Corpse Rot               Necr/Air       50%        N/A       1%          2
 Passwall                 Tmut/Erth      76%        N/A       1%          2
 Poisonous Vapours        Pois/Air       50%        N/A       1%          2
 Confusing Touch          Hex            25%        N/A       1%          3
 Frozen Ramparts          Ice            50%        1d7       1%          3
 Gell's Gravitas          Tloc           25%        N/A       1%          3
 Lesser Beckoning         Tloc           25%        N/A       1%          3
 Summon Guardian Golem    Hex/Summ       55%        N/A       1%          3
 Teleport Other           Tloc           25%        N/A       1%          3
 Tukima's Dance           Hex            25%        N/A       1%          3
 Vampiric Draining        Necr           25%        2d7       1%          3
 Animate Armour           Summ/Erth      100%       N/A       1%          4
 Hailstorm                Conj/Ice       64%        3d14      1%          4
 Petrify                  Tmut/Erth      92%        N/A       1%          4
 Summon Lightning Spire   Summ/Air       55%        N/A       1%          4
 Borgnjor's Vile Clutch   Necr/Erth      45%        N/A       1%          5
 Fireball                 Conj/Fire      32%        3d14      1%          5
 Irradiate                Conj/Tmut      32%        3d24      1%          5
 Iskenderun's Battlesphe  Conj           87%        2d13      1%          5
 Lightning Bolt           Conj/Air       32%        1d49      1%          5
 Starburst                Conj/Fire      32%        6d10      1%          6
 Airstrike                Air            12%        N/A       2%          4
 Yara's Violent Unravell  Hex/Tmut       13%        3d7       4%          5
 Cause Fear               Hex            12%        N/A       7%          4
 Passage of Golubria      Tloc           25%        N/A       7%          4
 Blade Hands              Tmut           14%        N/A       14%         5
 Alistair's Intoxication  Tmut/Pois      18%        N/A       16%         5
 Manifold Assault         Tloc           25%        N/A       19%         5
 Eringya's Noxious Bog    Tmut/Pois      13%        N/A       22%         6
 Dispersal                Tloc           12%        N/A       67%         6
 Dragon Form              Tmut           14%        N/A       98%         7
 Storm Form               Tmut/Air       13%        N/A       99%         7
 Ignition                 Fire           12%        3d6       99%         8
 Disjunction              Tloc           12%        N/A       100%        8
 Dragon's Call            Summ           36%        N/A       100%        9


Dungeon Overview and Level Annotations

Branches:
Dungeon (15/15)            Temple (1/1) D:4            Lair (6/6) D:9
  Swamp (4/4) Lair:4       Spider (3/4) Lair:4        Slime (0/5) Lair:6
    Orc (2/2) D:10            Elf (0/3) Orc:2        Vaults (0/5) D:14
 Depths (0/4) D:15          IceCv (visited)         Gauntlet (visited)

Altars:
Ashenzari
Cheibriados
Dithmenos
Elyvilon
Fedhas
Gozag
Hepliaklqana
Kikubaaqudgha
Makhleb
Nemelex Xobeh
Okawaru
Qazlal
Ru
Sif Muna
Trog
Uskayaw
Vehumet
Wu Jian
Xom
Yredelemnul
Zin
The Shining One
Beogh

Shops:
D:6 *[   D:8 *   Orc:2 [(?*


Innate Abilities, Weirdness & Mutations

You are immune to sickness and miasma.
Your stone body is resilient. (AC +13)
You are immune to poison.
Your large and strong wings let you fly.
You resist negative energy. (rN+)
You are resistant to electric shocks. (rElec)
You are resistant to unholy torment.
You are immune to petrification.


Message History

Casting: Iron Shot (safe; 1% risk of failure)
Confirm with . or Enter, or press ? or * to list all spells.
Aiming: Iron Shot (safe; 1% risk of failure)
Press: ? - help, Shift-Dir - straight line, f - tarantella
Aim: a tarantella (69% to hit)
You feel a surge of power!
The iron shot hits the tarantella!!!
You kill the tarantella!
Vehumet accepts your kill.
You feel your power returning.
A tarantella comes into view.
Casting: Iron Shot (safe; 1% risk of failure)
Confirm with . or Enter, or press ? or * to list all spells.
You summon a servant imbued with your destructive magic!
The wolf spider hits you!
* * * LOW HITPOINT WARNING * * *
The wolf spider bites you but does no damage.
Casting: Spellforged Servitor (dangerous; 1% risk of failure)
Confirm with . or Enter, or press ? or * to list all spells.
Aiming: Iron Shot (safe; 1% risk of failure)
Press: ? - help, Shift-Dir - straight line, f - tarantella
Aim: a tarantella (ally target, 69% to hit)
You feel a surge of power!
The iron shot hits the tarantella!!!
You kill the tarantella!
Vehumet accepts your kill.
You feel your power returning.
The wolf spider hits you but does no damage.
The wolf spider misses you. You block the wolf spider's attack.
The wolf spider bites you but does no damage.
Your spellforged servitor conjures an orb of pure magic.
Casting: Iron Shot (safe; 1% risk of failure)
Confirm with . or Enter, or press ? or * to list all spells.
Aiming: Iron Shot (safe; 1% risk of failure)
Press: ? - help, Shift-Dir - straight line, f - wolf spider
Aim: a wolf spider (ally target, 79% to hit)
You feel a surge of power!
The iron shot hits the wolf spider!!!
You kill the wolf spider!
Vehumet accepts your kill.
You feel your power returning.
The wavering orb of destruction hits you!!!
You die...

### ####.. ##.#.....#### ^
.. ##.....).....# .. ...
............#### ...
....###............).##...
^...(.#.^..#...^.○9..^....
#..............@†...#
.#.........^...#....####
...#...†.<###. #...†..^#
........†..#####......^#
..#...#..###≈≈≈###...#....
#^#^.####..#.^.....# ...
#.....#.#.....^...†# ..
#..................$# <
#.....###......#...###^.#


You could see a friendly spellforged servitor (summoned).

Vanquished Creatures
  Jorgrun (D:12)
  A tentacled monstrosity (Swamp:4)
  Frances (Swamp:1)
  A sphinx (D:14)
  Kirke (Swamp:1)
  A thorn hunter (Swamp:4)
  Aizul (Swamp:2)
  An emperor scorpion (Spider:2)
  Louise (Swamp:4)
  2 very ugly things
  2 vampire knights
  Nessos (Orc:2)
  4 bunyips
  A spark wasp (Spider:2)
  A minotaur (Gauntlet)
  Snorg (D:10)
  A blizzard demon (Gauntlet)
  2 fire dragons (D:15)
  Josephine (Orc:2)
  3 eleionomae
  A great orb of eyes (D:14)
  Harold (D:9)
  5 boulder beetles
  2 vault guards (D:14)
  Erolcha (Orc:2)
  Fannar (D:10)
  11 hydras
  3 centaur warriors
  3 ogre magi
  3 alligators
  11 death yaks
  2 catoblepae (Lair:2)
  6 two-headed ogres
  A death knight (D:14)
  A deep troll earth mage (D:14)
  3 tengu warriors
  An orc high priest (Orc:2)
  Nergalle (D:12)
  Urug (D:13)
  A deep elf knight (D:14)
  Sonja (D:10)
  A skeletal warrior (D:14)
  6 spectral hydras (Swamp:4)
  5 swamp dragons
  2 goliath frogs
  3 spriggan druids
  2 deep elf archers
  An orange crystal statue (IceCv)
  3 bog bodies
  2 phantasmal warriors
  2 wizards
  4 orc knights
  15 ugly things
  A harpy (shapeshifter) (D:14)
  3 deep elf pyromancers
  4 orb spiders
  2 manticores
  3 oklob plants (Swamp:4)
  A will-o-the-wisp (Swamp:4)
  7 wolf spiders
  2 orc sorcerers (Orc:2)
  Maurice (D:9)
  10 cyclopes
  9 black mambas
  An elephant (D:9)
  A guardian serpent (Lair:6)
  A torpor snail (Lair:6)
  13 cane toads
  Maggie (D:10)
  A smoke demon (Gauntlet)
  2 gargoyles
  2 rime drakes
  An unseen horror (D:13)
  An ice devil (Gauntlet)
  An efreet (D:15)
  Psyche (D:12)
  3 demonic crawlers
  A tengu conjurer (D:15)
  10 komodo dragons
  2 freezing wraiths (IceCv)
  A hydra zombie (Swamp:4)
  8 jumping spiders
  A red devil (Gauntlet)
  2 bloated husks
  A jumping spider (shapeshifter) (D:15)
  6 meliai
  7 trolls
  20 hornets
  4 slime creatures
  4 polar bears
  2 death drake skeletons (Swamp:4)
  12 dream sheep
  2 hydra skeletons (Swamp:4)
  A nameless horror (D:13)
  3 tyrant leeches
  24 blink frogs
  14 redbacks
  5 basilisks
  3 shadows
  7 tarantellas
  6 wraiths
  3 fire bats (Orc:1)
  16 spriggans
  39 yaks
  Grum (D:11)
  6 humans (D:14)
  11 wyverns
  A yak (shapeshifter) (D:14)
  4 hogs (Swamp:1)
  5 vampire mosquitoes
  Edmund (D:4)
  5 wargs
  2 harpy simulacra (IceCv)
  14 swamp worms
  Duvessa (D:5)
  An acid dragon (D:12)
  20 water moccasins
  41 orc warriors
  4 swamp drakes (Swamp:4)
  10 black bears
  A hornet zombie (D:8)
  An ettin simulacrum (IceCv)
  A necrophage (D:7)
  3 swamp dragon zombies (Swamp:4)
  26 centaurs
  13 ogres
  10 wolves
  A kobold brigand (D:10)
  4 phantoms
  Blork the orc (D:4)
  2 gnoll sergeants
  19 bullfrogs
  A scorpion (D:7)
  Dowan (D:5)
  A lindwurm simulacrum (IceCv)
  A water moccasin skeleton (D:4)
  5 electric eels
  4 centaur zombies
  A crimson imp (Gauntlet)
  A gnoll shaman (D:7)
  A centaur skeleton (D:7)
  4 hounds
  2 jellies
  14 orc priests
  2 bullfrog skeletons
  20 orc wizards
  5 hell rats (Lair:2)
  A statue (D:9)
  2 adders
  19 gnolls
  8 worms
  104 orcs
  7 ball pythons
  7 bats
  5 endoplasms
  3 giant cockroaches
  6 goblins
  11 hobgoblins
  15 kobolds
  3 quokkas
  A frilled lizard (D:1)
  8 rats
  2 bushes (Lair:2)
884 creatures vanquished.

Vanquished Creatures (collateral kills)
  Mara (Swamp:4)
  Rupert (Spider:1)
  3 thorn hunters
  A hydra skeleton (Swamp:4)
  A very ugly thing (IceCv)
  A vampire knight (Swamp:4)
  A shambling mangrove (Swamp:4)
  A ghost crab (Swamp:4)
  A caustic shrike simulacrum (IceCv)
  2 two-headed ogres (D:13)
  A catoblepas (D:14)
  An alligator (Swamp:1)
  2 spriggans
  3 goliath frogs
  4 spriggan druids (Swamp:4)
  3 flayed ghosts (Swamp:4)
  2 bog bodies
  4 swamp dragons
  7 wolf spiders
  An orb spider (Spider:3)
  A deep elf pyromancer (D:13)
  2 ugly things (Swamp:3)
  A will-o-the-wisp (Swamp:4)
  8 demonic crawlers
  A tyrant leech (Swamp:3)
  5 jumping spiders
  A hydra zombie (Swamp:4)
  3 hornets
  16 redbacks
  A dire elephant simulacrum (IceCv)
  3 tarantellas
  3 humans (D:14)
  2 hogs (Swamp:1)
  3 swamp worms
  2 swamp drakes (Swamp:4)
  An alligator simulacrum (IceCv)
  An ogre (D:13)
  A lindwurm simulacrum (IceCv)
  2 crimson imps (Gauntlet)
98 creatures vanquished.

Vanquished Creatures (others)
  A vault guard (D:14)
  16 foxfires (Swamp:4)
  36 fungi
  156 plants
209 creatures vanquished.

Grand Total: 1191 creatures vanquished

Notes
Turn   | Place    | Note
-------+----------+-------------------------------------------
     0 | D:1      | Crownlay the Gargoyle Earth Elementalist began the quest
                  | for the Orb.
     0 | D:1      | Reached XP level 1. HP: 10/10 MP: 3/3
   410 | D:1      | Reached XP level 2. HP: 15/15 MP: 5/5
  1053 | D:1      | Reached skill level 4 in Earth Magic
  1812 | D:2      | Reached XP level 3. HP: 16/19 MP: 5/7
  1881 | D:2      | Found a faded altar of an unknown god.
  2595 | D:2      | Reached XP level 4. HP: 4/24 MP: 6/9
  3097 | D:3      | Found an opulent altar of Gozag.
  3097 | D:3      | Found a stormy altar of Qazlal.
  3098 | D:3      | Found a glowing golden altar of the Shining One.
  3326 | D:3      | Reached XP level 5. HP: 20/28 MP: 7/11
  3416 | D:3      | Learned a level 3 spell: Stone Arrow
  3875 | D:3      | Reached skill level 5 in Earth Magic
  4269 | D:4      | Noticed a black bear
  4277 | D:4      | Killed a black bear
  4278 | D:4      | Reached skill level 5 in Spellcasting
  4278 | D:4      | Reached XP level 6. HP: 27/32 MP: 6/13
  4375 | D:4      | Found a staircase to the Ecumenical Temple.
  4388 | Temple   | Entered the Ecumenical Temple
  4659 | D:4      | Reached skill level 6 in Earth Magic
  4659 | D:4      | Reached XP level 7. HP: 24/36 MP: 2/15
  4766 | D:4      | Found a faded altar of an unknown god.
  4766 | D:4      | Found a shimmering altar of Xom.
  4774 | D:4      | Found a faded altar of an unknown god.
  4776 | D:4      | Found a shimmering blue altar of Sif Muna.
  4820 | D:4      | Found a shadowy altar of Dithmenos.
  5295 | D:4      | Noticed Blork the orc
  5301 | D:4      | Killed Blork the orc
  5685 | D:4      | Noticed Edmund
  5879 | D:4      | Killed Edmund
  6090 | D:5      | Entered Level 5 of the Dungeon
  6258 | D:5      | Reached skill level 7 in Earth Magic
  6258 | D:5      | Reached XP level 8. HP: 23/41 MP: 8/18
  6629 | D:5      | Noticed Dowan
  6631 | D:5      | Noticed Duvessa
  6639 | D:5      | Killed Dowan
  6690 | D:5      | Reached skill level 8 in Earth Magic
  6821 | D:5      | Killed Duvessa
  7091 | D:6      | Found a blossoming altar of Fedhas.
  7205 | D:6      | Reached XP level 9. HP: 43/45 MP: 17/21
  7421 | D:6      | Found Eraebu's Armour Emporium.
  7664 | D:6      | Found Bearak's General Store.
  7677 | D:6      | Upgraded the game from 0.28-a0-828-g0121872642 to
                  | 0.28-a0-834-g1a73be5ee4
  8109 | D:7      | Reached skill level 9 in Earth Magic
  9223 | D:8      | Reached skill level 10 in Spellcasting
  9382 | D:8      | Noticed a hornet
  9511 | D:8      | Found Zin's Purification Station.
  9511 | D:8      | Found a glowing silver altar of Zin.
  9542 | D:8      | Reached skill level 10 in Earth Magic
  9543 | D:8      | Reached XP level 10. HP: 38/50 MP: 12/24
 10524 | D:9      | Noticed Maurice
 10529 | D:9      | Killed Maurice
 10533 | D:8      | Reached skill level 11 in Earth Magic
 11033 | D:9      | Noticed Harold
 11046 | D:9      | Killed Harold
 11055 | D:9      | Noticed an elephant
 11199 | D:9      | Reached skill level 12 in Earth Magic
 11484 | D:9      | Reached skill level 1 in Fighting
 11551 | D:9      | Reached skill level 1 in Conjurations
 11918 | D:9      | Found a staircase to the Lair.
 11958 | D:9      | Reached skill level 1 in Evocations
 11958 | D:9      | Reached XP level 11. HP: 57/57 MP: 7/27
 12265 | D:9      | Found a radiant altar of Vehumet.
 12276 | D:9      | Became a worshipper of Vehumet
 12817 | D:10     | Entered Level 10 of the Dungeon
 12906 | D:10     | Reached * piety under Vehumet
 12906 | D:10     | Offered knowledge of Freeze by Vehumet.
 13385 | D:10     | Identified the +4 plate armour of Wooma {Will+}
 13405 | D:10     | Noticed Fannar
 13412 | D:10     | Killed Fannar
 13717 | D:10     | Reached skill level 5 in Fighting
 14135 | D:10     | Noticed Maggie
 14143 | D:10     | Killed Maggie
 14462 | D:10     | Found a staircase to the Orcish Mines.
 14464 | D:10     | Noticed Sonja
 14466 | D:10     | Killed Sonja
 14506 | D:10     | Reached ** piety under Vehumet
 14702 | D:10     | Offered knowledge of Scorch by Vehumet.
 14929 | D:10     | Noticed Snorg
 14937 | D:10     | Killed Snorg
 15423 | Lair:1   | Entered Level 1 of the Lair of Beasts
 15427 | Lair:1   | Reached skill level 5 in Conjurations
 15556 | Lair:1   | Noticed a boulder beetle
 15567 | Lair:1   | Killed a boulder beetle
 15568 | Lair:1   | Reached XP level 12. HP: 32/73 MP: 7/28
 16430 | Lair:2   | Offered knowledge of Poisonous Vapours by Vehumet.
 16461 | Lair:2   | Reached skill level 5 in Evocations
 16620 | Lair:2   | Noticed a death yak
 16620 | Lair:2   | Noticed a death yak
 16620 | Lair:2   | Noticed a death yak
 16621 | Lair:2   | Noticed a death yak
 16621 | Lair:2   | Noticed a death yak
 16622 | Lair:2   | Noticed a death yak
 16691 | D:9      | Killed a death yak
 16696 | D:9      | Killed a death yak
 16945 | Lair:1   | Killed a death yak
 17032 | Lair:1   | Killed a death yak
 17164 | Lair:1   | Killed a death yak
 17325 | Lair:2   | Killed a death yak
 17649 | Lair:2   | Noticed a seven-headed hydra
 17655 | Lair:2   | Killed a seven-headed hydra
 17656 | Lair:2   | Noticed a four-headed hydra
 17656 | Lair:2   | Noticed a four-headed hydra
 17657 | Lair:2   | Noticed a catoblepas
 17685 | Lair:2   | Killed a four-headed hydra
 17943 | Lair:2   | Killed a four-headed hydra
 18454 | Lair:2   | Killed a catoblepas
 18474 | Lair:2   | Reached skill level 13 in Earth Magic
 18499 | Lair:2   | Reached XP level 13. HP: 27/78 MP: 0/30
 18746 | Lair:2   | Identified the ring of Asuyseke {+Blink MP+9 Int+6}
 19522 | Lair:3   | Found the +3 pair of gauntlets of War {Slay+5}
 20130 | Lair:3   | Learned a level 6 spell: Iron Shot
 20174 | Lair:3   | Identified the +0 robe of the Heavens {Str+4}
 20737 | Lair:4   | Reached *** piety under Vehumet
 20792 | Lair:4   | You fall into a shaft and drop 1 floor!
 21010 | Lair:4   | Found a hole to the Spider Nest.
 21418 | Lair:4   | Reached skill level 14 in Earth Magic
 21706 | Lair:4   | Offered knowledge of Iskenderun's Mystic Blast by Vehumet.
 22135 | Lair:4   | Found a staircase to the Swamp.
 22477 | Lair:5   | Reached skill level 10 in Conjurations
 22479 | Lair:5   | Reached **** piety under Vehumet
 22760 | Lair:5   | Offered knowledge of Irradiate by Vehumet.
 22967 | Lair:5   | Gained mutation: Your large and strong wings let you fly.
                  | [Gargoyle growth]
 22967 | Lair:5   | Reached XP level 14. HP: 87/87 MP: 32/32
 23234 | Lair:5   | Reached skill level 10 in Fighting
 24026 | Lair:6   | Entered Level 6 of the Lair of Beasts
 24249 | Lair:6   | Reached skill level 1 in Summonings
 24588 | Lair:6   | Reached ***** piety under Vehumet
 24589 | Lair:6   | Offered knowledge of Lee's Rapid Deconstruction by Vehumet.
 24620 | Lair:6   | Learned a level 5 spell: Lee's Rapid Deconstruction
 24671 | Lair:6   | Reached skill level 15 in Earth Magic
 25897 | Lair:6   | Found a staircase to the Slime Pits.
 26892 | Orc:1    | Entered Level 1 of the Orcish Mines
 28032 | Orc:2    | Entered Level 2 of the Orcish Mines
 28290 | Orc:2    | Noticed Josephine
 28294 | Orc:2    | Killed Josephine
 28771 | Orc:2    | Offered knowledge of Starburst by Vehumet.
 29203 | Orc:2    | Reached XP level 15. HP: 92/97 MP: 33/33
 29843 | Orc:2    | Found Quzxelli's Magic Scroll Shoppe.
 29843 | Orc:2    | Found Tohijyarch's Antique Weapon Shop.
 29843 | Orc:2    | Found Qehenlan's Antique Armour Boutique.
 29847 | Orc:2    | Found Ciciero's General Store.
 29851 | Orc:2    | Bought a scroll of holy word for 135 gold pieces
 29851 | Orc:2    | Bought a scroll of fear for 63 gold pieces
 29851 | Orc:2    | Bought a scroll of acquirement for 936 gold pieces
 29859 | Orc:2    | Bought a scroll of noise for 16 gold pieces
 30210 | Orc:2    | Noticed Nessos
 30211 | Orc:2    | Noticed Erolcha
 30215 | Orc:2    | Killed Erolcha
 30411 | Orc:2    | Killed Nessos
 30733 | Orc:2    | Found a staircase to the Elven Halls.
 31380 | D:11     | Found a burning altar of Makhleb.
 31581 | D:11     | Noticed Grum
 31585 | D:11     | Killed Grum
 31838 | D:12     | Noticed Psyche
 31840 | D:12     | Killed Psyche
 31947 | D:12     | Noticed Jorgrun
 31979 | D:12     | Killed Jorgrun
 32196 | D:12     | Noticed Nergalle
 32212 | D:12     | Killed Nergalle
 32213 | D:12     | Reached skill level 16 in Earth Magic
 32358 | D:12     | Reached skill level 5 in Summonings
 33127 | D:13     | Noticed Urug
 33130 | D:13     | Killed Urug
 33378 | D:13     | Learned a level 7 spell: Spellforged Servitor
 33881 | D:13     | Found a shimmering altar of Xom.
 33881 | D:13     | Found a shimmering altar of Xom.
 33881 | D:13     | Found a shimmering altar of Xom.
 33881 | D:13     | Found a shimmering altar of Xom.
 33881 | D:13     | Found a shimmering altar of Xom.
 33882 | D:13     | Found a shimmering altar of Xom.
 33963 | D:13     | Found a shimmering altar of Xom.
 34636 | D:14     | Found a gate to the Vaults.
 34672 | D:14     | Reached XP level 16. HP: 44/106 MP: 1/34
 34674 | D:14     | Found a gate leading to a gauntlet.
 34683 | Gauntlet | Entered a Gauntlet
 34683 | Gauntlet | Found a transporter.
 34683 | Gauntlet | Found a transporter.
 34915 | Gauntlet | Found a transporter.
 34919 | Gauntlet | Found a transporter.
 34929 | Gauntlet | Found a transporter.
 34933 | Gauntlet | Found a transporter.
 34943 | Gauntlet | Found a transporter.
 34991 | Gauntlet | Found a transporter.
 34991 | Gauntlet | Found a transporter.
 35030 | Gauntlet | Found a transporter.
 35034 | Gauntlet | Found a transporter.
 35044 | Gauntlet | Found a transporter.
 35140 | Gauntlet | Offered knowledge of Iskenderun's Battlesphere by Vehumet.
 35244 | Gauntlet | Identified the +0 steam dragon scales of Letiucw {+Blink
                  | Will+ Slay+5}
 35358 | Gauntlet | Identified the ring of Beoxypn {Contam Will+ Int-5 Dex+6
                  | Slay+2}
 35445 | Gauntlet | Identified the ring "Zaylen" {Contam rElec rC+++ MP+9
                  | Str+6}
 35480 | Gauntlet | Identified the ring "Rodiem" {rF+ rN+ rCorr EV+4}
 35531 | Gauntlet | Identified the ring "Ofax Tefoo" {Fly rElec rF+ Str+3 Dex-5
                  | Slay+5}
 35561 | Gauntlet | Identified the +0 pair of boots of Gualoar {+Inv rCorr
                  | Str-3 Int+7}
 35918 | D:14     | Identified the ring of Recklessness {+Blink rN+}
 35995 | D:14     | Identified the +1 battleaxe of Imoiffui {speed, *Slow rC+
                  | Str+4 Dex+4}
 36469 | D:14     | Noticed a sphinx
 36471 | D:14     | Killed a sphinx
 37190 | D:15     | Entered Level 15 of the Dungeon
 37562 | D:15     | Identified the +5 ring mail of Indomitability {rF- rC++
                  | Regen+}
 37572 | D:15     | Reached skill level 17 in Earth Magic
 38413 | D:15     | Found a staircase to the Depths.
 38876 | Swamp:1  | Entered Level 1 of the Swamp
 38881 | Swamp:1  | Noticed a thorn hunter
 38889 | Swamp:1  | Killed a thorn hunter
 39032 | Swamp:1  | Noticed Frances
 39037 | Swamp:1  | Killed Frances
 39257 | Swamp:1  | Noticed Kirke
 39262 | Swamp:1  | Offered knowledge of Fireball by Vehumet.
 39266 | Swamp:1  | Killed Kirke
 40197 | Swamp:2  | Noticed Aizul
 40202 | Swamp:2  | Killed Aizul
 40203 | Swamp:2  | Reached XP level 17. HP: 111/111 MP: 35/35
 40777 | Swamp:3  | Found a frozen archway.
 40855 | IceCv    | Entered an ice cave
 41039 | IceCv    | Found a transporter.
 41049 | IceCv    | Found a transporter.
 41081 | IceCv    | Reached skill level 18 in Earth Magic
 41195 | Swamp:3  | Learned a level 7 spell: Orb of Destruction
 41883 | Swamp:4  | Entered Level 4 of the Swamp
 41969 | Swamp:4  | Noticed a tentacled monstrosity
 41973 | Swamp:4  | Killed a tentacled monstrosity
 42073 | Swamp:4  | Noticed Louise
 42081 | Swamp:4  | Killed Louise
 42446 | Swamp:4  | Offered knowledge of Ozocubu's Refrigeration by Vehumet.
 42447 | Swamp:4  | Reached skill level 10 in Evocations
 42554 | Swamp:3  | Acquired a staff of conjuration
 42559 | Swamp:3  | Acquired the ring "Fasenwaa" {Wiz rPois rN+ SInv}
 42573 | Swamp:4  | Noticed Mara
 42575 | Swamp:4  | Noticed Crownlay's illusion
 43162 | Swamp:4  | Reached skill level 10 in Summonings
 43234 | Swamp:4  | Killed Mara
 44312 | Swamp:4  | Reached XP level 18. HP: 35/116 MP: 8/36
 44616 | Swamp:4  | Reached skill level 15 in Spellcasting
 44734 | Swamp:4  | Found a blossoming altar of Fedhas.
 44820 | Swamp:4  | Reached skill level 5 in Dodging
 44854 | Swamp:4  | Found a basalt altar of Yredelemnul.
 44973 | Swamp:4  | Got a decaying rune of Zot
 45366 | Spider:1 | Entered Level 1 of the Spider Nest
 45414 | Spider:1 | Noticed Rupert
 45423 | Spider:1 | Killed Rupert
 46804 | Spider:2 | Acquired 419 gold pieces
 47632 | Spider:3 | Blown up by a spellforged servitor

Illustrated notes

Levels and vault maps discovered:
D:1:      minmay_arrival_jagged, layout_basic, grunt_decor_one_mirror
D:2:      layout_rooms, hellmonk_ecumenical_altar_lost_god,
          minmay_split_cup_large
D:3:      layout_loops_ring, grunt_temple_overflow_open
D:4:      layout_cave_pods, chequers_temple_overflow_minitemple,
          minmay_temple_entry_glassed_door, uniq_edmund, uniq_blork_the_orc
D:5:      layout_rooms, uniq_duvessa
D:6:      layout_layer_cave, fedhas_bush_and_centaur_altar, serial_shops, shop,
          nicolae_stop_n_shop_1
D:7:      layout_rooms
D:8:      layout_rooms, zin_purify, st_stairs_9, chequers_serial_rivers_marsh
D:9:      layout_cave_pods, vehumet_statue, david_lair_generic,
          roderic_cross_of_infinity, uniq_maurice, uniq_harold
D:10:     layout_long_grid, david_orc_1_choice, special_room [special_room_orc],
          minivault_24, glass_columns_a, grunt_decor_cap,
          lightli_corner_chamber, uniq_snorg, uniq_maggie, uniq_fannar,
          uniq_sonja
D:11:     layout_small_grid, bloody_makhleb, uniq_grum
D:12:     layout_loops_ring, uniq_jorgrun, uniq_nergalle, uniq_psyche
D:13:     layout_small_grid, nrook_mini_backslash, xom_shifter_show, uniq_urug
D:14:     minmay_box_of_curves, layout_basic, ximxim_vaults_locker_room,
          gauntlet_entry_generic, wad_floor_pattern_untrapped
D:15:     grunt_enter_depths_hoard, layout_small_grid
Temple:   dshaligram_water_room_temple
Lair:1:   layout_cave_shapes, nzn_sisyphean_effort
Lair:2:   nzn_winding_woodlands_large [nzn_winding_woodlands_5x5_three,
          nzn_winding_woodlands_5x15_lazy_stream,
          nzn_winding_woodlands_5x5_open_star,
          nzn_winding_woodlands_center_garden,
          nzn_winding_woodlands_15x15_five_gardens,
          nzn_winding_woodlands_center_lodge,
          nzn_winding_woodlands_5x5_closed_star,
          nzn_winding_woodlands_5x15_concentric,
          nzn_winding_woodlands_5x5_default], layout_small_grid,
          minmay_hedge_maze
Lair:3:   layout_hall_layers, serial_bayou_shore_a
Lair:4:   layout_regular_city, nicolae_swamp_entry_splash_gauntlet,
          spider_nest_entry_web_field, grunt_megastairs_5
Lair:5:   layout_regular_city, gammafunk_lair_bear_cave
Lair:6:   hangedman_lair_tendril_chambers, layout_long_grid,
          dpeg_slime_entry_corner, serial_bayou_shore_b
Swamp:1:  layout_falls_marsh, evilmike_swamp_ruin_house_4, uniq_kirke,
          uniq_frances
Swamp:2:  layout_falls_marsh, evilmike_swamp_ruin_rubble_2, uniq_aizul
Swamp:3:  layout_falls_marsh, portal_ice_cave_entry_ugly_swarm,
          nicolae_swamp_oxbows
Swamp:4:  byrel_swamp_growth_death_and_undeath, layout_basic_swamp,
          infiniplex_staircase_pool, uniq_mara, uniq_louise
Spider:1: layout_spider_delve, uniq_rupert
Spider:2: layout_spider_delve
Spider:3: layout_spider_delve
Orc:1:    layout_caves, basic_altar, nicolae_orc_lava_tube, mines4_lemuel
Orc:2:    st_orc_rangers, layout_diamond_mine, uniq_josephine, uniq_erolcha,
          uniq_nessos

Skill      XL: |  1  2  3  4  5  6  7  8  9 10 11 12 13 14 15 16 17 18 |
---------------+-------------------------------------------------------+-----
Earth Magic    | 4 5 6 7 8 10 12 13 14 15 16 17 18 | 18.4
Spellcasting   | 3 4 5 6 8 10 12 13 14 15 | 15.7
Fighting       | 2 8 9 12 14 | 14.0
Conjurations   | 1 5 8 10 11 12 13 14 | 14.5
Evocations     | 1 4 6 8 10 | 10.0
Summonings     | 3 6 8 10 | 10.0
Dodging        | 4 5 |  5.9
Stealth        | |  2.1
Transmutations | |  0.7

Action                   |  1- 3 |  4- 6 |  7- 9 | 10-12 | 13-15 | 16-18 || total
-------------------------+-------+-------+-------+-------+-------+-------++-------
Melee: Short sword       |    35 |     2 |     5 |       |       |       ||    42
       Long sword        |    77 |    34 |       |       |       |       ||   111
       Dagger            |       |       |       |    31 |   157 |       ||   188
       Dire flail        |       |       |       |       |     6 |       ||     6
       Staff             |       |       |       |       |    30 |    22 ||    52
 Cast: Sandblast         |    21 |    53 |    84 |    66 |   117 |    13 ||   354
       Stone Arrow       |       |     4 |    81 |   283 |   218 |    31 ||   617
       Iron Shot         |       |       |       |       |   313 |   315 ||   628
       Spellforged Servi |       |       |       |       |     7 |    50 ||    57
       Lee's Rapid Decon |       |       |       |       |     2 |     3 ||     5
       Orb of Destructio |       |       |       |       |       |    25 ||    25
Evoke: Wand              |       |       |       |     6 |     2 |     1 ||     9
  Use: Scroll            |       |       |     2 |     9 |    17 |    12 ||    40
       Potion            |       |       |       |       |       |     1 ||     1
 Stab: Sleeping          |     3 |     1 |       |       |       |       ||     4
Armor: Robe              |    64 |    20 |    28 |    26 |       |       ||   138
       Steam dragon scal |       |       |       |    36 |   272 |   291 ||   599
Dodge: Dodged            |   103 |    33 |    56 |    72 |   236 |   182 ||   682
Block: Other             |       |       |       |     8 |   106 |    86 ||   200
       Reflection        |       |       |       |       |    30 |     9 ||    39

Table legend: (Time is in decaauts)
 A = Elapsed time spent in this place.
 B = Non-inter-level travel time spent in this place.
 C = Inter-level travel time spent in this place.
 D = Time resting spent in this place.
 E = Time spent auto-exploring this place.
 F = Levels seen in this place.
 G = Mean time per level.
                   A        B        C        D        E       F      G
               +--------+--------+--------+--------+--------+-----+--------+
         Total |  47795 |  45627 |   2168 |   2280 |  36438 |  33 | 1448.3 |
       Dungeon |  22938 |  21821 |   1117 |    328 |  18671 |  15 | 1529.2 |
        Temple |     90 |     69 |     21 |      0 |     60 |   1 |   90.0 |
          Lair |  11127 |  10491 |    636 |    592 |   8266 |   6 | 1854.5 |
         Swamp |   6163 |   5977 |    186 |    883 |   4095 |   4 | 1540.8 |
   Spider Nest |   2266 |   2233 |     33 |    346 |   1405 |   3 |  755.3 |
  Orcish Mines |   4022 |   3849 |    173 |    131 |   3124 |   2 | 2011.0 |
      Ice Cave |    269 |    269 |      0 |      0 |    171 |   1 |  269.0 |
      Gauntlet |    916 |    916 |      0 |      0 |    646 |   1 |  916.0 |
               +--------+--------+--------+--------+--------+-----+--------+

Top non-repeatable levels by time:
    D:10: 2885 daAuts
 Swamp:4: 2731 daAuts
  Lair:2: 2626 daAuts
  Lair:5: 2163 daAuts
     D:8: 2051 daAuts
   Orc:1: 2046 daAuts
     D:9: 2016 daAuts
   Orc:2: 1976 daAuts
  Lair:4: 1878 daAuts
    D:14: 1838 daAuts
     D:4: 1834 daAuts
     D:1: 1815 daAuts
  Lair:6: 1796 daAuts
    D:15: 1528 daAuts
 Swamp:3: 1520 daAuts
